Map: Blackpink LE

Players

erL

  • Race: Terran Terran
  • Spawn Location: 7:00

HateMe - Winner!

  • Race: Zerg Zerg
  • Spawn Location: 1:00

Event: WCS Leipzig 2018

VOD

Have the link to the VOD?

Description

Time

  • Played on: Jan. 26, 2018, 6:29 a.m.
  • Length: 11:49

All games in this series

Show
View Real Time Build Order
Export as new Build Order

erL Terran 

Build Orders: Gas First Reaper Expand, Liberator Opening, Reaper Expand, Mech 

Get SALT Encoding   

  12  0:01  SCV  
  13  0:13  SCV  
  14  0:17  Supply Depot  
  14  0:25  SCV  
  14  0:28  Refinery  
  15  0:39  SCV  
  16  0:47  Barracks  
  16  0:51  SCV  
  17  1:03  SCV  
  18  1:15  SCV  
  19  1:34  Orbital Command  
  19  1:35  Reaper  
  20  1:47  Command Center  
  20  1:59  Factory  
  20  2:00  SCV  
  21  2:07  Barracks Reactor  
  21  2:12  Supply Depot  
  21  2:15  SCV  
  22  2:19  Refinery  
  22  2:27  SCV  
  23  2:39  SCV  
  23  2:44  Marine x2  
  25  2:47  Starport  
  25  2:49  Hellion  
  28  2:51  SCV  
  29  3:01  Marine x2  
  29  3:03  SCV  
  29  3:05  Orbital Command  
  32  3:18  Cyclone  
  35  3:25  SCV  
  34  3:34  SCV, Supply Depot  
  35  3:37  SCV  
  35  3:38  Medivac  
  38  3:43  Marine  
  38  3:46  SCV  
  40  3:49  SCV  
  40  3:51  Liberator  
  41  3:58  SCV  
  41  4:01  SCV  
  43  4:06  Hellion x2  
  50  4:10  SCV, Supply Depot  
  50  4:13  SCV  
  52  4:22  SCV  
  53  4:25  SCV  
  54  4:32  Hellion x2  
  54  4:34  Supply Depot  
  54  4:37  SCV  
  59  4:43  Command Center  
  59  4:46  SCV  
  59  4:47  Refinery  
  59  4:49  SCV  
  61  4:56  Hellion x2  
  61  4:58  SCV  
  66  5:01  SCV  
  64  5:10  SCV  
  64  5:13  Refinery, SCV  
  66  5:17  Hellion  
  65  5:23  SCV, Hellion  
  65  5:25  SCV  
  69  5:29  Armory x2, Barracks Tech Lab, Starport Tech Lab  
  69  5:30  Factory  
  69  5:33  Factory  
  69  5:35  SCV  
  70  5:36  Supply Depot  
  70  5:39  SCV  
  69  5:48  SCV  
  69  5:49  Hellion x2  
  66  5:52  SCV  
  66  5:56  Orbital Command  
  61  6:00  SCV  
  61  6:04  SCV  
  57  6:10  Hellion  
  57  6:11  Hellion  
  58  6:12  SCV  
  58  6:16  SCV  
  60  6:24  SCV  
  62  6:25  Terran Vehicle And Ship Armor Level 1, Terran Vehicle Weapons Level 1  
  62  6:28  SCV, Supply Depot  
  62  6:30  Orbital Command  
  62  6:34  Starport Reactor  
  62  6:36  Hellion x2  
  62  6:37  Thor  
  72  6:41  Thor  
  72  6:44  SCV  
  72  6:45  SCV  
  80  6:52  Infernal Pre-Igniter  
  80  6:56  SCV  
  80  6:57  SCV  
  80  6:58  SCV, Supply Depot  
  80  7:00  Hellion  
  85  7:03  Hellion  
  85  7:07  Supply Depot  
  87  7:09  SCV  
  87  7:10  Engineering Bay  
  92  7:20  Siege Tank  
  92  7:21  SCV x3  
  98  7:25  Medivac x2  
  98  7:33  SCV x3  
  98  7:36  Refinery x2  
  101  7:38  Siege Tank  
  101  7:40  Hellion  
  101  7:41  Hellion  
  108  7:45  SCV x2  
  108  7:51  Factory  
  110  7:52  Factory, Siege Tank  
  111  8:02  Hellion x2  
  100  8:10  SCV x2  
  97  8:18  SCV  
  98  8:22  SCV, Viking  
  98  8:23  Hellion x2  
  108  8:29  SCV  
  108  8:30  SCV  
  110  8:35  SCV  
  110  8:38  Factory Tech Lab, Factory Reactor  
  110  8:39  Siege Tank x2  
  111  8:42  SCV x2, Command Center  
  113  8:57  Siege Tank  
  116  9:13  Terran Vehicle Weapons Level 2  
  116  9:14  Terran Vehicle And Ship Armor Level 2  
  116  9:18  Supply Depot x2  
  116  9:21  Supply Depot x2  
  116  9:33  Supply Depot  
  116  9:37  Supply Depot  
  116  9:38  Refinery  
  116  9:39  Viking x2, Siege Tank  
  116  9:40  Hellion x5  
  116  9:42  Siege Tank  
  130  9:47  Smart Servos  
  124  10:01  Hellion x3, Siege Tank  
  124  10:04  Hellion  
  135  10:09  Viking x2  
  135  10:12  Siege Tank  
  142  10:14  Siege Tank  
  142  10:15  Refinery  
  145  10:23  Hellion x3, Supply Depot  
  151  10:33  Siege Tank  
  154  10:44  Siege Tank  
  154  10:46  Siege Tank  
  152  10:50  Hellion x3, Viking  
  152  10:51  Viking  
  152  10:53  Supply Depot  
  152  10:55  Planetary Fortress  
  160  11:05  Siege Tank  
  163  11:13  Hellion x3  
  163  11:16  Hellion, Siege Tank  
Show
View Real Time Build Order
Export as new Build Order

HateMe Zerg - Winner!

Build Orders: Hatch First 

Get SALT Encoding   

  12  0:02  Drone  
  13  0:13  Overlord  
  13  0:17  Drone  
  14  0:31  Drone x2  
  14  0:35  Drone  
  17  0:51  Hatchery  
  17  0:55  Drone  
  17  0:58  Drone  
  17  1:02  Extractor  
  17  1:13  Spawning Pool  
  17  1:16  Drone  
  17  1:20  Drone  
  18  1:29  Drone  
  19  1:40  Overlord  
  19  1:51  Drone  
  20  2:00  Queen  
  20  2:01  Zergling x2  
  23  2:04  Zergling x2, Queen  
  23  2:07  Metabolic Boost  
  26  2:12  Drone  
  26  2:14  Drone  
  28  2:22  Drone  
  29  2:25  Drone  
  30  2:34  Overlord  
  30  2:35  Drone  
  31  2:39  Queen  
  31  2:43  Queen  
  35  2:45  Drone  
  35  2:48  Overlord  
  36  2:55  Drone  
  36  2:58  Drone  
  38  3:06  Drone  
  38  3:09  Drone  
  38  3:10  Drone  
  38  3:11  Drone x2  
  43  3:13  Drone x3  
  46  3:25  Hatchery  
  45  3:29  Overlord  
  45  3:32  Zergling x4  
  47  3:36  Zergling x2  
  47  3:39  Zergling x4  
  51  3:41  Drone  
  51  3:42  Drone  
  51  3:45  Overlord  
  51  3:48  Drone  
  53  3:49  Drone  
  53  3:50  Drone  
  53  3:55  Queen  
  57  3:56  Queen  
  59  4:04  Overlord  
  59  4:06  Extractor  
  59  4:07  Baneling Nest  
  59  4:08  Zergling x4  
  59  4:12  Drone  
  59  4:13  Overlord  
  60  4:24  Zergling x6  
  63  4:25  Drone  
  63  4:26  Drone  
  63  4:31  Queen  
  67  4:32  Queen  
  67  4:33  Overlord  
  67  4:38  Queen  
  69  4:43  Drone  
  69  4:44  Drone  
  69  4:45  Drone x2  
  75  4:46  Drone  
  75  4:47  Drone  
  75  4:50  Spore Crawler  
  75  4:52  Drone  
  77  4:57  Evolution Chamber  
  74  5:02  Drone  
  74  5:03  Drone x4  
  74  5:04  Drone  
  80  5:11  Evolution Chamber  
  79  5:16  Drone x2  
  79  5:18  Lair  
  81  5:21  Overlord x2  
  81  5:24  Drone  
  81  5:25  Spore Crawler  
  81  5:26  Drone  
  82  5:32  Zerg Ground Armor Level 1  
  82  5:33  Drone  
  82  5:34  Drone  
  79  5:44  Drone x7  
  79  5:45  Drone  
  84  5:52  Drone x4  
  84  5:53  Drone x2  
  90  5:59  Drone  
  90  6:00  Drone x3  
  90  6:04  Zerg Melee Weapons Level 1  
  94  6:05  Drone  
  94  6:09  Extractor x3  
  94  6:10  Overlord  
  91  6:12  Drone, Extractor  
  91  6:15  Drone  
  91  6:17  Drone  
  93  6:19  Centrifical Hooks  
  93  6:22  Hydralisk Den, Overseer  
  93  6:24  Overlord  
  92  6:27  Drone  
  92  6:28  Drone  
  94  6:41  Hatchery  
  94  6:45  Drone  
  94  6:46  Overlord x2  
  94  6:49  Zergling x14  
  94  6:53  Muscular Augments  
  101  6:55  Drone, Overlord  
  101  6:58  Overseer  
  101  6:59  Infestation Pit  
  101  7:02  Hydralisk  
  101  7:03  Hydralisk x2  
  107  7:09  Hydralisk x3  
  113  7:17  Baneling x2  
  113  7:19  Baneling x2  
  113  7:20  Overlord  
  113  7:21  Zergling x2  
  113  7:22  Zergling x10  
  119  7:25  Zergling x4  
  119  7:26  Zerg Missile Weapons Level 1  
  121  7:34  Hydralisk x3  
  126  7:42  Hive  
  126  7:43  Overlord x2  
  126  7:48  Drone x8  
  134  7:52  Drone x2  
  134  7:54  Drone  
  136  7:59  Drone  
  136  8:01  Drone  
  136  8:02  Drone  
  136  8:05  Overlord  
  134  8:07  Zerg Ground Armor Level 2  
  130  8:18  Hatchery  
  129  8:21  Hydralisk x7  
  143  8:33  Extractor, Hydralisk x5  
  143  8:34  Extractor  
  149  8:37  Zergling x8  
  155  8:47  Zergling x2  
  155  8:48  Zergling x18  
  160  9:00  Drone x4  
  164  9:06  Viper x3  
  172  9:12  Viper  
  172  9:15  Zergling x16  
  183  9:19  Overlord x2  
  183  9:31  Adrenal Glands  
  183  9:32  Ultralisk Cavern  
  178  9:47  Zergling x2  
  178  9:48  Zergling x30  
  192  10:08  Zergling x2  
  192  10:09  Zergling x12  
  196  10:48  Zergling x28  
  200  11:05  Baneling  
  200  11:06  Baneling x18  
  200  11:13  Baneling x6, Extractor  
  200  11:14  Baneling x23, Extractor  
  198  11:19  Spire  
  189  11:36  Hatchery  
Tags
 
Add a new tag
Caveats
  • Supply blocks, unpowered buildings, or Contaminate may cause inaccurate times.
  • Supply counts are checked every 10 seconds.